 Dungeon Crawl Stone Soup version 0.29-a0-284-gf9362112df (webtiles) character file.

Game seed: 7127656391581301557

179 enile the Skirmisher (level 5, 0/44 HPs)
             Began as a Palentonga Hedge Wizard on Mar 24, 2022.
             Was a Believer of Nemelex Xobeh.
             Slain by an ogre
             ... wielding a +0 giant club
              (21 damage)
             ... on level 4 of the Dungeon.
             The game lasted 00:05:21 (4518 turns).

enile the Skirmisher (Palentonga Hedge Wizard)      Turns: 4518, Time: 00:05:21

Health: 0/44       AC:  4    Str: 16    XL:     5   Next: 33%
Magic:  0/9        EV:  9    Int: 14    God:    Nemelex Xobeh [**....]
Gold:   237        SH:  0    Dex:  9    Spells: 9/10 levels left

rFire   . . .      SeeInvis +   r - +6 great mace "Ugin" {vorpal, rPois Stlth+}
rCold   . . .      Faith    .   (shield currently unavailable)
rNeg    . . .      Spirit   +   b - +0 robe
rPois   +          Reflect  .   c - +0 hat
rElec   .          Harm     .   (no cloak)
rCorr   .          Rampage  .   (no gloves)
Will    .....                   (no barding)
Stlth   ++........              f - amulet of guardian spirit
HPRegen 0.14/turn               (no ring)
MPRegen 0.11/turn               (no ring)

@: no status effects
A: large, rugged brown scales 3, see invisible, deformed body, roll 1, armoured
tail
a: Rolling Charge, Renounce Religion, Draw Escape, Draw Destruction, Draw
Summoning


You were on level 4 of the Dungeon.
You worshipped Nemelex Xobeh.
Nemelex Xobeh was pleased with you.
You visited 1 branch of the dungeon, and saw 4 of its levels.

You collected 237 gold pieces.

Inventory:

Hand Weapons
 a - a +0 dagger
 k - a +0 hunting sling of freezing
 r - the +6 great mace "Ugin" (weapon) {vorpal, rPois Stlth+}
   (You found it on level 2 of the Dungeon)

   It inflicts extra damage upon your enemies.
   rPois:     It protects you from poison.
   Stlth:     It makes you more stealthy.
 t - a +1 longbow
Missiles
 s - 7 javelins
Armour
 b - a +0 robe (worn)
 c - a +0 hat (worn)
Jewellery
 f - an amulet of guardian spirit (around neck)
 j - a ring of willpower
 v - an amulet of reflection
 y - a ring of fire
Wands
 B - a wand of digging (4)
Scrolls
 g - 2 scrolls of teleportation {unknown}
 i - a scroll of enchant weapon
 l - 2 scrolls of fog
 o - a scroll of identify {unknown}
 p - a scroll of enchant armour {unknown}
 x - a scroll of brand weapon {unknown}
 z - a scroll of immolation {unknown}
 A - a scroll of vulnerability {unknown}
Potions
 d - a potion of lignification {unknown}
 e - 2 potions of heal wounds
 h - a potion of invisibility {unknown}
 m - a potion of ambrosia {unknown}
 n - a potion of degeneration {unknown}
 q - 3 potions of magic
 u - a potion of might {unknown}
 w - 2 potions of curing {unknown}


   Skills:
 - Level 4.0 Fighting
 + Level 3.0 Maces & Flails
 - Level 1.5 Dodging
 - Level 1.2 Stealth
 - Level 3.0 Spellcasting
 - Level 0.8 Conjurations
 - Level 0.7 Summonings
 - Level 1.0 Translocations


You had 9 spell levels left.
You knew the following spells:

 Your Spells              Type           Power      Damage    Failure   Level
a - Magic Dart            Conj           16%        1d3       16%         1

Your spell library contained the following spells:

 Spells                   Type           Power      Damage    Failure   Level
 Slow                     Hex            8%         N/A       22%         1
 Blink                    Tloc           8%         N/A       22%         2
 Call Imp                 Summ           4%         N/A       24%         2
 Conjure Flame            Conj/Fire      3%         6-21      47%         3
 Mephitic Cloud           Conj/Pois/Air  2%         N/A       50%         3
 Confusing Touch          Hex            2%         N/A       54%         3
 Yara's Violent Unravell  Hex/Tmut       1%         3d3       99%         5
 Enfeeble                 Hex            1%         N/A       100%        7


Dungeon Overview and Level Annotations

Branches:
Dungeon (4/15)
 Temple: D:4-7

Altars:
Nemelex Xobeh

Shops:
D:1 [


Innate Abilities, Weirdness & Mutations

You are completely covered in rugged brown scales. (AC +3, +7% HP)
You have supernaturally acute eyesight. (SInv)
Armour fits poorly on your strangely shaped body.
You can roll at nearby foes to attack.
You have a long armoured tail.


Message History

The orc barely misses you.
You climb upwards.
There is a stone staircase leading down here.
It was a potion of heal wounds.
You feel much better. The orc closely misses you.
You sock the orc!
You kill the orc!
You hit the orc.
The orc is heavily wounded.
The orc hits you with a +0 war axe. The orc barely misses you.
Your magical contamination has completely faded away.
You barely miss the orc.
Your tail-slap misses the orc.
The orc is moderately wounded.
The orc hits you with a +0 war axe.
You closely miss the orc.
The orc is moderately wounded.
The orc barely misses you. x2
You sock the orc!
You kill the orc!
Your Maces & Flails skill increases to level 3!
Things that are here:
a +0 war axe; a +0 whip Magic restored.
HP restored.
Done exploring.
(D) Dungeon
Where to? (Enter - D:4, ? - help)
There is a stone staircase leading down here.
You climb downwards.
The ogre shouts!
There is a stone staircase leading up, spattered with blood here.
There are monsters nearby!
The ogre hits you with a +0 giant club!!
Ouch! That really hurt!
The orc hits you with a +0 trident.
You see here a +0 dagger.
The ogre attacks as you move away!
The ogre hits you with a +0 giant club!!
You die...
Your body glows slightly and disappears.

#........# #........#
..######..o.....#
.......'........########
..######................
#.............#
#.........###<#
#.......Oo# #........@#
#########<# ###


You could see an ogre, an orc priest and an orc.

Vanquished Creatures
  An orc priest (D:3)
  Terence (D:2)
  2 adders (D:3)
  3 worms
  8 orcs
  5 ball pythons
  10 endoplasms
  7 goblins
  6 hobgoblins
  3 jackals (D:3)
  4 quokkas
  8 bats
  3 frilled lizards
  4 kobolds
  4 rats
69 creatures vanquished.

Vanquished Creatures (collateral kills)
  Robin (D:2)
  2 hobgoblins (D:2)
  5 goblins (D:2)
8 creatures vanquished.

Vanquished Creatures (others)
  A goblin (D:2)
1 creature vanquished.

Grand Total: 78 creatures vanquished

Notes
Turn   | Place    | Note
-------+----------+-------------------------------------------
     0 | D:1      | enile the Palentonga Hedge Wizard began the quest for the
                  | Orb.
     0 | D:1      | Reached XP level 1. HP: 13/13 MP: 4/4
   254 | D:1      | Reached skill level 1 in Fighting
   402 | D:1      | Found a faded altar of an unknown god.
   531 | D:1      | Found Zeguk's Antique Armour Emporium.
   533 | D:1      | Reached XP level 2. HP: 17/23 MP: 0/6
   566 | D:1      | Reached skill level 2 in Fighting
  1416 | D:1      | Prayed at the altar of an unknown god.
  1416 | D:1      | Became a worshipper of Nemelex Xobeh the Trickster
  1416 | D:1      | Reached * piety under Nemelex Xobeh
  1416 | D:1      | Received a gift from Nemelex Xobeh
  1523 | D:2      | Noticed Robin
  1541 | D:2      | Reached XP level 3. HP: 7/29 MP: 3/7
  1556 | D:2      | Killed Robin
  1557 | D:2      | Reached skill level 3 in Fighting
  2134 | D:2      | Identified the +6 great mace "Ugin" {vorpal, rPois Stlth+}
  2166 | D:2      | Noticed Terence
  2220 | D:2      | Killed Terence
  2221 | D:2      | Reached XP level 4. HP: 22/39 MP: 6/8
  2437 | D:2      | Reached skill level 4 in Fighting
  3046 | D:3      | Reached skill level 1 in Maces & Flails
  3661 | D:3      | Reached ** piety under Nemelex Xobeh
  3726 | D:3      | Reached XP level 5. HP: 25/44 MP: 5/9
  4303 | D:4      | Noticed an ogre
  4328 | D:4      | HP: 1/44 [orc/+0 whip (4)]
  4518 | D:4      | Slain by an ogre

Illustrated notes

Levels and vault maps discovered:
D:1:      dpeg_arrival_radiant, layout_loops_ring,
          shapermc_ecumenical_altar_ellora, serial_shops, shop
D:2:      layout_loops_ring, minmay_hexomino_u4, uniq_robin, uniq_terence
D:3:      layout_basic
D:4:      layout_basic, serial_park_tiny_1, minmay_door_square,
          nicolae_shop_clearance

Skill      XL: |  1  2  3  4  5 |
---------------+----------------+-----
Fighting       | 1 2 3 4 |  4.0
Maces & Flails | 2 3 |  3.0
Dodging        | |  1.5
Stealth        | |  1.2
Spellcasting   | |  3.0
Conjurations   | |  0.8
Summonings     | |  0.7
Translocations | |  1.0

Action                   |  1- 3 |  4- 6 || total
-------------------------+-------+-------++-------
Melee: Dagger            |    61 |       ||    61
       Tailslap          |    11 |     4 ||    15
       Great mace        |     2 |    75 ||    77
 Fire: Hunting sling     |    24 |       ||    24
 Cast: Magic Dart        |    52 |     4 ||    56
Invok: Draw Destruction  |     5 |       ||     5
       Draw Escape       |     1 |       ||     1
       Draw Summoning    |     1 |       ||     1
 Abil: Rolling Charge    |     3 |     6 ||     9
  Use: Potion            |     1 |     1 ||     2
       Scroll            |       |     2 ||     2
 Stab: Sleeping          |     1 |     4 ||     5
Armor: Robe              |    43 |    30 ||    73
Dodge: Dodged            |    66 |    42 ||   108

Table legend: (Time is in decaauts)
 A = Elapsed time spent in this place.
 B = Non-inter-level travel time spent in this place.
 C = Inter-level travel time spent in this place.
 D = Time resting spent in this place.
 E = Time spent auto-exploring this place.
 F = Levels seen in this place.
 G = Mean time per level.
                   A        B        C        D        E       F      G
               +--------+--------+--------+--------+--------+-----+--------+
         Total |   4578 |   4451 |    127 |      0 |   3844 |   4 | 1144.5 |
       Dungeon |   4578 |   4451 |    127 |      0 |   3844 |   4 | 1144.5 |
               +--------+--------+--------+--------+--------+-----+--------+

Top non-repeatable levels by time:
     D:2: 1572 daAuts
     D:3: 1510 daAuts
     D:1: 1444 daAuts
     D:4: 50 daAuts
